Scraper vs Wolves
(R1)
Created - 8 novembre 2014 at 19:09
Goals
|
Scraper |
1 |
2 |
1 |
4 |
Wolves |
1 |
1 |
0 |
2 |
|
Shots
|
Scraper |
10 |
13 |
9 |
32 |
Wolves |
11 |
9 |
7 |
27 |
|
1st period
1. Wolves , Milan Bartovic 6 (Nathan Davis) at 9:12
2. Scraper , Evander Kane 15 (Denis Shvidki, Brayden Schenn) at 11:30 (PP)
Penalties :
Nathan Davis (Min) for Tripping (Minor) at 11:01, Dmitry Kulikov (Min) for Interference (Minor) at 11:39, Ben Eager (Out) for Roughing (Minor) at 16:10
2nd period
3. Wolves , Mike Zigomanis 23 (Chris Neil) at 7:18
4. Scraper , Ryan O'Reilly 6 (Ben Eager, Derek Joslin) at 11:51
5. Scraper , Jared Cowen 1 (Evander Kane, Valeri Bure) at 16:06
Penalties :
Nathan Davis (Min) for Roughing (Minor) at 8:21, Evander Kane (Out) for High sticking (Minor) at 13:04, Mike Zigomanis (Min) for Tripping (Minor) at 16:09
3rd period
6. Scraper , Denis Shvidki 9 (Brendan Smith, Jared Cowen) at 19:27 (Empty Net)
Penalties :
Mike Sislo (Min) for High sticking (Minor) at 0:58, Joe Finley (Out) for Hooking (Minor) at 9:37
Goalie Stats
Peter Mannino (Out), 25 saves from 27 shots - (0,926), W, 7-7-0, 60:00 minutes
Jamie Storr (Min), 28 saves from 31 shots - (0,903), L, 7-8-2, 59:36 minutes
Players Stats for Scraper
Player Name G A P +/- PIM S H SB GA TA FO MP PP MP PK MP
------------------------------------------------------------------------------------
Ben Eager 0 1 1 1 2 1 1 1 0 0 0/0 15:46 0:14 0:26
Brayden Schenn 0 1 1 0 0 3 5 0 0 0 10/25 18:56 4:55 0:18
Brendan Smith 0 1 1 0 0 2 5 1 0 0 0/0 25:18 5:18 2:31
Cameron Gaunce 0 0 0 0 0 0 0 0 0 0 0/0 0:00 0:00 0:00
Daniel Winnik 0 0 0 0 0 1 0 0 0 0 0/0 8:22 3:20 0:00
Denis Shvidki 1 1 2 1 0 3 1 0 0 0 2/5 18:40 4:56 0:00
Derek Joslin 0 1 1 1 0 2 2 1 1 0 0/0 23:06 5:18 3:25
Eric Godard 0 0 0 0 0 0 1 0 0 1 1/1 8:39 0:12 1:06
Eric Gryba 0 0 0 1 0 0 1 1 0 1 0/0 21:43 3:07 2:31
Eric Knodel 0 0 0 0 0 0 0 0 0 0 0/0 0:00 0:00 0:00
Evander Kane 1 1 2 1 2 6 1 0 0 0 1/1 19:33 4:51 0:23
Ilkka Heikkinen 0 0 0 0 0 1 2 1 1 1 0/0 19:21 3:07 3:26
Jared Cowen 1 1 2 1 0 1 0 0 1 1 0/0 23:08 0:00 3:26
Jerome Samson 0 0 0 0 0 0 0 0 0 0 0/0 0:19 0:00 0:00
Joe Finley 0 0 0 -1 2 0 0 1 0 0 0/0 11:10 0:00 0:00
Marcus Foligno 0 0 0 -1 0 2 1 0 0 0 0/1 11:18 0:00 0:00
Reilly Smith 0 0 0 0 0 0 2 0 0 0 0/1 16:54 3:20 0:00
Rick Schofield 0 0 0 1 0 0 0 2 0 0 2/6 3:48 0:00 3:08
Roman Horak 0 0 0 0 0 3 0 0 0 1 1/5 16:39 0:10 1:34
Ryan O'Reilly 1 0 1 0 0 1 0 0 1 0 5/11 14:30 0:00 0:00
Valeri Bure 0 1 1 0 0 6 2 1 0 0 0/0 16:50 3:17 1:34
Players Stats for Wolves
Player Name G A P +/- PIM S H SB GA TA FO MP PP MP PK MP
------------------------------------------------------------------------------------
Bruno Gervais 0 0 0 -1 0 0 3 0 0 0 0/0 23:00 3:20 0:41
Carl Klingberg 0 0 0 -1 0 0 1 0 0 0 0/1 13:45 0:32 1:55
Chris Neil 0 1 1 0 0 5 5 0 3 0 3/3 20:27 3:03 1:54
Dan Fritsche 0 0 0 -1 0 4 3 0 0 0 9/11 19:34 2:22 3:12
Dmitry Kulikov 0 0 0 -1 2 0 3 0 1 2 0/0 25:25 3:20 2:30
Geoff Paukovich 0 0 0 0 0 1 2 0 0 0 0/0 15:40 2:22 0:00
Johan Ryno 0 0 0 0 0 2 3 0 0 0 0/0 8:57 0:32 0:00
Jonas Junland 0 0 0 0 0 0 0 0 0 1 0/0 19:28 0:00 4:34
Kevin Veilleux 0 0 0 0 0 0 0 0 0 0 1/1 7:10 0:00 0:00
Maksim Mayorov 0 0 0 0 0 1 1 0 0 0 0/0 7:10 0:00 0:00
Marc Methot 0 0 0 0 0 0 2 1 0 0 0/0 17:54 0:00 3:28
Matt Gilroy 0 0 0 0 0 0 1 0 0 0 0/0 12:13 2:37 0:00
Mike Sislo 0 0 0 0 2 4 3 0 0 0 1/2 18:17 3:03 0:00
Mike Zigomanis 1 0 1 0 2 6 0 0 1 0 14/29 18:56 3:21 0:00
Milan Bartovic 1 0 1 0 0 1 1 0 0 0 0/0 17:22 2:22 1:41
Nathan Davis 0 1 1 0 4 1 1 0 0 0 6/9 14:01 0:14 3:19
Tim Crowder 0 0 0 -1 0 0 0 2 0 1 0/0 12:46 0:00 4:49
Willie Mitchell 0 0 0 0 0 2 0 0 0 0 0/0 19:25 2:37 5:37
3 Stars
1 - Denis Shvidki (Out)
2 - Jared Cowen (Out)
3 - Evander Kane (Out)
Power Play
Scraper - 1 on 5 Attempt(s) - 20,00%
Wolves - 0 on 3 Attempt(s) - 0,00%
Penalty Kill
Scraper - 3 on 3 Attempt(s) - 100,00%
- Score 0 goal in Penalty Kill
Wolves - 4 on 5 Attempt(s) - 80,00%
- Score 0 goal in Penalty Kill
Official
Referees : Fraser Kerry and Joannette Marc
Linesman : Ryan Galloway and Andy McElman
Game Notes
Denis Shvidki has scored in a empty net!
Finance
Level 1 -- Attendance: 1321 (66,05%) -- Ticket Income 46 235 $
Level 2 -- Attendance: 764 (76,40%) -- Ticket Income 11 460 $
Total Attendance: 2085 (69,50%)
Total Ticket Income: 57 695 $
Other Income: 2 885 $
Total Income: 60 580 $
Scraper
5 vs 5 Forward
Center Left Wing Right Wing Time % Phy DF OF
1 Brayden Schenn Evander Kane Denis Shvidki 35 1 2 2
2 Ryan O'Reilly Ben Eager Reilly Smith 35 1 2 2
3 Roman Horak Marcus Foligno Valeri Bure 25 1 2 2
4 Roman Horak Daniel Winnik Eric Godard 5 1 2 2
5 vs 5 Defense
Defense Defense Time % Phy DF OF
1 Brendan Smith Jared Cowen 40 1 2 2
2 Derek Joslin Eric Gryba 35 1 2 2
3 Joe Finley Ilkka Heikkinen 15 1 2 2
4 Brendan Smith Jared Cowen 10 1 2 2
PowerPlay Forward
Center Left Wing Right Wing Time % Phy DF OF
1 Brayden Schenn Evander Kane Denis Shvidki 60 1 2 2
2 Reilly Smith Daniel Winnik Valeri Bure 40 1 2 2
PowerPlay Defense
Defense Defense Time % Phy DF OF
1 Derek Joslin Brendan Smith 60 1 2 2
2 Eric Gryba Ilkka Heikkinen 40 1 2 2
Penalty Kill 4 Players Forward
Center Wing Time % Phy DF OF
1 Rick Schofield Derek Joslin 60 1 2 2
2 Roman Horak Valeri Bure 40 1 2 2
Penalty Kill 4 Players Defense
Defense Defense Time % Phy DF OF
1 Ilkka Heikkinen Jared Cowen 60 1 2 2
2 Eric Gryba Brendan Smith 40 1 2 2
Penalty Kill - 3 Players Forward
Forward Time % Phy DF OF
1 Roman Horak 60 1 2 2
2 Rick Schofield 40 1 2 2
Penalty Kill - 3 Players Defense
Defense Defense Time % Phy DF OF
1 Derek Joslin Jared Cowen 60 1 2 2
2 Eric Gryba Brendan Smith 40 1 2 2
4 vs 4 Forward
Center Wing Time % Phy DF OF
1 Ryan O'Reilly Denis Shvidki 60 1 2 2
2 Rick Schofield Valeri Bure 40 1 2 2
4 vs 4 Defense
Defense Defense Time % Phy DF OF
1 Brendan Smith Jared Cowen 60 1 2 2
2 Derek Joslin Ilkka Heikkinen 40 1 2 2
Last Minutes Offensive
Center Left Wing Right Wing Defense Defense
Brayden Schenn Evander Kane Denis Shvidki Derek Joslin Brendan Smith
Last Minutes Defensive
Center Left Wing Right Wing Defense Defense
Rick Schofield Ben Eager Denis Shvidki Jared Cowen Brendan Smith
Goaltenders
Starting : Peter Mannino
Backup : Maxime Ouellet
Extra Forwards
Normal : Evander Kane, Reilly Smith, Eric Godard - PP : Evander Kane, Reilly Smith - PK : Eric Godard
Extra Defensemen
Normal : Eric Gryba, Jared Cowen, Ilkka Heikkinen - PP : Eric Gryba - PK : Jared Cowen, Ilkka Heikkinen
Penalty Shots
Denis Shvidki, Ryan O'Reilly, Evander Kane, Valeri Bure, Ben Eager
Wolves
5 vs 5 Forward
Center Left Wing Right Wing Time % Phy DF OF
1 Mike Zigomanis Mike Sislo Chris Neil 40 2 1 2
2 Dan Fritsche Geoff Paukovich Milan Bartovic 30 2 1 2
3 Nathan Davis Carl Klingberg Tim Crowder 20 1 1 3
4 Kevin Veilleux Maksim Mayorov Johan Ryno 10 2 2 1
5 vs 5 Defense
Defense Defense Time % Phy DF OF
1 Bruno Gervais Dmitry Kulikov 40 2 2 1
2 Jonas Junland Marc Methot 30 2 2 1
3 Willie Mitchell Matt Gilroy 20 2 2 1
4 Bruno Gervais Dmitry Kulikov 10 2 2 1
PowerPlay Forward
Center Left Wing Right Wing Time % Phy DF OF
1 Mike Zigomanis Mike Sislo Chris Neil 60 0 0 5
2 Dan Fritsche Geoff Paukovich Milan Bartovic 40 0 0 5
PowerPlay Defense
Defense Defense Time % Phy DF OF
1 Dmitry Kulikov Bruno Gervais 60 0 2 3
2 Matt Gilroy Willie Mitchell 40 0 2 3
Penalty Kill 4 Players Forward
Center Wing Time % Phy DF OF
1 Nathan Davis Tim Crowder 60 1 4 0
2 Milan Bartovic Dan Fritsche 40 1 4 0
Penalty Kill 4 Players Defense
Defense Defense Time % Phy DF OF
1 Jonas Junland Willie Mitchell 60 2 3 0
2 Dmitry Kulikov Marc Methot 40 2 3 0
Penalty Kill - 3 Players Forward
Forward Time % Phy DF OF
1 Nathan Davis 60 1 4 0
2 Milan Bartovic 40 1 4 0
Penalty Kill - 3 Players Defense
Defense Defense Time % Phy DF OF
1 Jonas Junland Willie Mitchell 60 2 3 0
2 Bruno Gervais Matt Gilroy 40 2 3 0
4 vs 4 Forward
Center Wing Time % Phy DF OF
1 Mike Zigomanis Nathan Davis 60 1 1 3
2 Milan Bartovic Dan Fritsche 40 1 1 3
4 vs 4 Defense
Defense Defense Time % Phy DF OF
1 Matt Gilroy Dmitry Kulikov 60 1 3 1
2 Bruno Gervais Marc Methot 40 1 3 1
Last Minutes Offensive
Center Left Wing Right Wing Defense Defense
Mike Zigomanis Mike Sislo Chris Neil Dmitry Kulikov Bruno Gervais
Last Minutes Defensive
Center Left Wing Right Wing Defense Defense
Dan Fritsche Mike Sislo Milan Bartovic Marc Methot Willie Mitchell
Goaltenders
Starting : Jamie Storr
Backup : Eddie Lack
Extra Forwards
Normal : Chris Neil, Dan Fritsche, Mike Zigomanis - PP : Mike Zigomanis, Dan Fritsche - PK : Chris Neil
Extra Defensemen
Normal : Dmitry Kulikov, Bruno Gervais, Marc Methot - PP : Dmitry Kulikov - PK : Willie Mitchell, Marc Methot
Penalty Shots
Chris Neil, Mike Sislo, Milan Bartovic, Dan Fritsche, Nathan Davis
% Time on Ice - Scraper
Lines # - Real PCT - Wanted PCT - Time Play
Normal Forward
1 - 28% - 35% - 12:51
2 - 36% - 35% - 16:18
3 - 25% - 25% - 11:18
4 - 10% - 5% - 4:40
Normal Defense
1 - 41% - 40% - 18:40
2 - 34% - 35% - 15:22
3 - 23% - 15% - 10:21
4 - 2% - 10% - 0:44
PP Forward
1 - 60% - 60% - 5:05
2 - 40% - 40% - 3:20
PP Defense
1 - 63% - 60% - 5:18
2 - 37% - 40% - 3:07
PK Forward
1 - 74% - 60% - 4:23
2 - 26% - 40% - 1:34
PK Defense
1 - 58% - 60% - 3:26
2 - 42% - 40% - 2:31
PK3 Forward
1 - 0% - 60%
2 - 0% - 40%
PK3 Defense
1 - 0% - 60%
2 - 0% - 40%
44 Forward
1 - 0% - 60%
2 - 0% - 40%
44 Defense
1 - 0% - 60%
2 - 0% - 40%
Last Minute Offensive - 0:00
Last Minute Defensive - 0:31
Total
Forward - 60:00
Defense - 60:00
|
% Time on Ice - Wolves
Lines # - Real PCT - Wanted PCT - Time Play
Normal Forward
1 - 33% - 40% - 14:54
2 - 34% - 30% - 15:11
3 - 18% - 20% - 7:55
4 - 16% - 10% - 7:10
Normal Defense
1 - 43% - 40% - 19:38
2 - 32% - 30% - 14:26
3 - 21% - 20% - 9:19
4 - 4% - 10% - 1:47
PP Forward
1 - 60% - 60% - 3:35
2 - 40% - 40% - 2:22
PP Defense
1 - 56% - 60% - 3:20
2 - 44% - 40% - 2:37
PK Forward
1 - 80% - 60% - 6:44
2 - 20% - 40% - 1:41
PK Defense
1 - 59% - 60% - 4:57
2 - 41% - 40% - 3:28
PK3 Forward
1 - 0% - 60%
2 - 0% - 40%
PK3 Defense
1 - 0% - 60%
2 - 0% - 40%
44 Forward
1 - 0% - 60%
2 - 0% - 40%
44 Defense
1 - 0% - 60%
2 - 0% - 40%
Last Minute Offensive - 0:28
Last Minute Defensive - 0:00
Total
Forward - 60:00
Defense - 60:00
|
Play by Play
1st period
0:01 of 1st period - Evander Kane wins face-off versus Mike Zigomanis in neutral zone.
0:26 of 1st period - Jared Cowen is hit by Dan Fritsche and loses puck.
0:51 of 1st period - Snap shot by Tim Crowder.
0:51 of 1st period - Shot Blocked by Valeri Bure.
1:11 of 1st period - Snap shot by Johan Ryno.
1:11 of 1st period - Stopped by Peter Mannino with a rebound.
2:57 of 1st period - Willie Mitchell is hit by Brendan Smith and loses puck.
3:37 of 1st period - Derek Joslin is hit by Matt Gilroy and loses puck.
3:44 of 1st period - Willie Mitchell is hit by Brayden Schenn and loses puck.
4:19 of 1st period - Wrist shot by Mike Zigomanis.
4:19 of 1st period - Stopped by Peter Mannino with a rebound.
5:05 of 1st period - Jared Cowen is hit by Carl Klingberg and loses puck.
6:02 of 1st period - Ilkka Heikkinen is hit by Chris Neil and loses puck.
6:28 of 1st period - Ben Eager is hit by Dan Fritsche and loses puck.
6:43 of 1st period - Joe Finley is hit by Maksim Mayorov and loses puck.
7:41 of 1st period - Wrist shot by Mike Zigomanis.
7:41 of 1st period - Shot Misses the Net.
9:10 of 1st period - Icing by Brayden Schenn.
9:11 of 1st period - Nathan Davis wins face-off versus Ryan O'Reilly in Scraper zone.
9:12 of 1st period - Backhand shot by Milan Bartovic.
9:12 of 1st period - Goal by Milan Bartovic - Scraper : 0 - Wolves : 1.
9:13 of 1st period - Brayden Schenn wins face-off versus Mike Zigomanis in neutral zone.
9:23 of 1st period - Snap shot by Chris Neil.
9:23 of 1st period - Stopped by Peter Mannino without a rebound.
9:24 of 1st period - Ryan O'Reilly wins face-off versus Mike Zigomanis in Scraper zone.
9:29 of 1st period - Brendan Smith is hit by Chris Neil and loses puck.
10:13 of 1st period - Jonas Junland is hit by Brayden Schenn and loses puck.
11:01 of 1st period - Minor Penalty to Nathan Davis for Tripping.
11:02 of 1st period - Dan Fritsche wins face-off versus Denis Shvidki in Wolves zone.
11:10 of 1st period - Snap shot by Dan Fritsche.
11:10 of 1st period - Stopped by Peter Mannino without a rebound.
11:11 of 1st period - Dan Fritsche wins face-off versus Denis Shvidki in Scraper zone.
11:20 of 1st period - Snap shot by Evander Kane.
11:20 of 1st period - Stopped by Jamie Storr with a rebound.
11:22 of 1st period - Slapshot by Derek Joslin.
11:22 of 1st period - Shot Blocked by Tim Crowder.
11:30 of 1st period - Wrist shot by Evander Kane.
11:30 of 1st period - Goal by Evander Kane - Scraper : 1 - Wolves : 1.
11:31 of 1st period - Denis Shvidki wins face-off versus Mike Zigomanis in neutral zone.
11:31 of 1st period - Evander Kane is hit by Mike Sislo and loses puck.
11:39 of 1st period - Minor Penalty to Dmitry Kulikov for Interference.
11:40 of 1st period - Nathan Davis wins face-off versus Brayden Schenn in Wolves zone.
11:49 of 1st period - Nathan Davis is hit by Evander Kane and loses puck.
12:12 of 1st period - Eric Gryba is hit by Milan Bartovic and loses puck.
12:17 of 1st period - Wrist shot by Dan Fritsche.
12:17 of 1st period - Stopped by Peter Mannino with a rebound.
12:33 of 1st period - Denis Shvidki is hit by Bruno Gervais.
12:42 of 1st period - Off-side.
12:43 of 1st period - Chris Neil wins face-off versus Brayden Schenn in neutral zone.
12:46 of 1st period - Backhand shot by Chris Neil.
12:46 of 1st period - Stopped by Peter Mannino without a rebound.
12:47 of 1st period - Denis Shvidki wins face-off versus Carl Klingberg in Scraper zone.
13:16 of 1st period - Wrist shot by Valeri Bure.
13:16 of 1st period - Stopped by Jamie Storr with a rebound.
13:20 of 1st period - Wrist shot by Valeri Bure.
13:20 of 1st period - Stopped by Jamie Storr with a rebound.
13:22 of 1st period - Snap shot by Daniel Winnik.
13:22 of 1st period - Stopped by Jamie Storr without a rebound.
13:23 of 1st period - Brayden Schenn wins face-off versus Nathan Davis in Wolves zone.
13:36 of 1st period - Wrist shot by Evander Kane.
13:36 of 1st period - Shot Blocked by Tim Crowder.
13:39 of 1st period - Penalty to Dmitry Kulikov is over, Dmitry Kulikov is back on ice.
14:18 of 1st period - Slapshot by Valeri Bure.
14:18 of 1st period - Stopped by Jamie Storr without a rebound.
14:19 of 1st period - Mike Zigomanis wins face-off versus Brayden Schenn in Wolves zone.
14:27 of 1st period - Icing by Evander Kane.
14:28 of 1st period - Brayden Schenn wins face-off versus Mike Zigomanis in Scraper zone.
14:35 of 1st period - Snap shot by Chris Neil.
14:35 of 1st period - Stopped by Peter Mannino without a rebound.
14:36 of 1st period - Mike Zigomanis wins face-off versus Brayden Schenn in Scraper zone.
14:47 of 1st period - Snap shot by Evander Kane.
14:47 of 1st period - Shot Misses the Net.
14:49 of 1st period - Slapshot by Brendan Smith.
14:49 of 1st period - Shot Misses the Net.
14:51 of 1st period - Wrist shot by Brayden Schenn.
14:51 of 1st period - Stopped by Jamie Storr with a rebound.
15:01 of 1st period - Dan Fritsche is hit by Brendan Smith and loses puck.
15:20 of 1st period - Slapshot by Valeri Bure.
15:20 of 1st period - Shot Misses the Net.
15:22 of 1st period - Slapshot by Derek Joslin.
15:22 of 1st period - Shot Misses the Net.
15:44 of 1st period - Wrist shot by Johan Ryno.
15:44 of 1st period - Shot Blocked by Joe Finley.
15:46 of 1st period - Backhand shot by Maksim Mayorov.
15:46 of 1st period - Stopped by Peter Mannino with a rebound.
15:48 of 1st period - Snap shot by Johan Ryno.
15:48 of 1st period - Stopped by Peter Mannino without a rebound.
15:49 of 1st period - Ryan O'Reilly wins face-off versus Mike Zigomanis in Scraper zone.
15:58 of 1st period - Snap shot by Mike Zigomanis.
15:58 of 1st period - Stopped by Peter Mannino with a rebound.
16:00 of 1st period - Snap shot by Mike Sislo.
16:00 of 1st period - Shot Misses the Net.
16:10 of 1st period - Minor Penalty to Ben Eager for Roughing.
16:11 of 1st period - Rick Schofield wins face-off versus Mike Zigomanis in Scraper zone.
16:11 of 1st period - Rick Schofield is hit by Chris Neil.
16:21 of 1st period - Matt Gilroy is hit by Derek Joslin.
18:07 of 1st period - Brendan Smith is hit by Dmitry Kulikov.
18:10 of 1st period - Penalty to Ben Eager is over, Ben Eager is back on ice.
18:11 of 1st period - Eric Godard is hit by Dmitry Kulikov and loses puck.
18:39 of 1st period - Maksim Mayorov is hit by Denis Shvidki and loses puck.
19:35 of 1st period - Wrist shot by Evander Kane.
19:35 of 1st period - Stopped by Jamie Storr with a rebound.
19:37 of 1st period - Snap shot by Denis Shvidki.
19:37 of 1st period - Stopped by Jamie Storr without a rebound.
19:38 of 1st period - Nathan Davis wins face-off versus Brayden Schenn in Wolves zone.
19:38 of 1st period - Nathan Davis is hit by Brendan Smith.
19:54 of 1st period - Slapshot by Evander Kane.
19:54 of 1st period - Stopped by Jamie Storr without a rebound.
19:55 of 1st period - Ryan O'Reilly wins face-off versus Dan Fritsche in Wolves zone.
Goals for this period are 1 for Scraper vs 1 for Wolves.
Shots for this period are 10 for Scraper vs 11 for Wolves.
2nd period
0:01 of 2nd period - Ryan O'Reilly wins face-off versus Mike Zigomanis in neutral zone.
0:11 of 2nd period - Icing by Bruno Gervais.
0:12 of 2nd period - Mike Sislo wins face-off versus Brayden Schenn in Wolves zone.
0:17 of 2nd period - Wrist shot by Chris Neil.
0:17 of 2nd period - Stopped by Peter Mannino without a rebound.
0:18 of 2nd period - Mike Zigomanis wins face-off versus Brayden Schenn in Scraper zone.
0:33 of 2nd period - Wrist shot by Mike Zigomanis.
0:33 of 2nd period - Shot Blocked by Brendan Smith.
1:15 of 2nd period - Snap shot by Nathan Davis.
1:15 of 2nd period - Shot Misses the Net.
1:29 of 2nd period - Johan Ryno is hit by Brayden Schenn and loses puck.
1:50 of 2nd period - Snap shot by Ben Eager.
1:50 of 2nd period - Stopped by Jamie Storr with a rebound.
2:04 of 2nd period - Ilkka Heikkinen is hit by Geoff Paukovich and loses puck.
2:13 of 2nd period - Snap shot by Dan Fritsche.
2:13 of 2nd period - Stopped by Peter Mannino without a rebound.
2:14 of 2nd period - Mike Zigomanis wins face-off versus Brayden Schenn in Scraper zone.
2:48 of 2nd period - Wrist shot by Dan Fritsche.
2:48 of 2nd period - Stopped by Peter Mannino with a rebound.
3:28 of 2nd period - Snap shot by Valeri Bure.
3:28 of 2nd period - Deflect By Mike Zigomanis.
3:28 of 2nd period - Stopped by Jamie Storr with a rebound.
3:38 of 2nd period - Slapshot by Derek Joslin.
3:38 of 2nd period - Shot Misses the Net.
3:40 of 2nd period - Wrist shot by Roman Horak.
3:40 of 2nd period - Stopped by Jamie Storr with a rebound.
3:42 of 2nd period - Slapshot by Eric Gryba.
3:42 of 2nd period - Shot Misses the Net.
3:44 of 2nd period - Wrist shot by Derek Joslin.
3:44 of 2nd period - Stopped by Jamie Storr with a rebound.
3:46 of 2nd period - Slapshot by Derek Joslin.
3:46 of 2nd period - Shot Misses the Net.
3:48 of 2nd period - Wrist shot by Roman Horak.
3:48 of 2nd period - Stopped by Jamie Storr without a rebound.
3:49 of 2nd period - Dan Fritsche wins face-off versus Ryan O'Reilly in Wolves zone.
4:16 of 2nd period - Brayden Schenn is hit by Mike Sislo and loses puck.
5:54 of 2nd period - Mike Zigomanis is hit by Brendan Smith and loses puck.
6:13 of 2nd period - Ben Eager is hit by Bruno Gervais and loses puck.
6:37 of 2nd period - Ryan O'Reilly is hit by Dan Fritsche and loses puck.
7:08 of 2nd period - Icing by Dmitry Kulikov.
7:09 of 2nd period - Mike Zigomanis wins face-off versus Marcus Foligno in Wolves zone.
7:18 of 2nd period - Wrist shot by Mike Zigomanis.
7:18 of 2nd period - Goal by Mike Zigomanis - Scraper : 1 - Wolves : 2.
7:19 of 2nd period - Brayden Schenn wins face-off versus Mike Zigomanis in neutral zone.
7:23 of 2nd period - Brendan Smith is hit by Bruno Gervais and loses puck.
7:35 of 2nd period - Brendan Smith is hit by Dmitry Kulikov.
7:55 of 2nd period - Slapshot by Brendan Smith.
7:55 of 2nd period - Shot Misses the Net.
8:21 of 2nd period - Minor Penalty to Nathan Davis for Roughing.
8:22 of 2nd period - Chris Neil wins face-off versus Brayden Schenn in Wolves zone.
8:54 of 2nd period - Tim Crowder is hit by Reilly Smith.
9:03 of 2nd period - Jonas Junland is hit by Valeri Bure and loses puck.
9:31 of 2nd period - Icing by Valeri Bure.
9:32 of 2nd period - Dan Fritsche wins face-off versus Reilly Smith in Scraper zone.
9:53 of 2nd period - Snap shot by Denis Shvidki.
9:53 of 2nd period - Shot Misses the Net.
10:06 of 2nd period - Icing by Evander Kane.
10:07 of 2nd period - Dan Fritsche wins face-off versus Brayden Schenn in Scraper zone.
10:21 of 2nd period - Penalty to Nathan Davis is over, Nathan Davis is back on ice.
10:28 of 2nd period - Snap shot by Dan Fritsche.
10:28 of 2nd period - Shot Misses the Net.
11:05 of 2nd period - Icing by Daniel Winnik.
11:06 of 2nd period - Kevin Veilleux wins face-off versus Roman Horak in Scraper zone.
11:15 of 2nd period - Slapshot by Brendan Smith.
11:15 of 2nd period - Stopped by Jamie Storr without a rebound.
11:16 of 2nd period - Mike Zigomanis wins face-off versus Brayden Schenn in Wolves zone.
11:16 of 2nd period - Mike Zigomanis is hit by Brayden Schenn.
11:51 of 2nd period - Wrist shot by Ryan O'Reilly.
11:51 of 2nd period - Goal by Ryan O'Reilly - Scraper : 2 - Wolves : 2.
11:52 of 2nd period - Brayden Schenn wins face-off versus Mike Zigomanis in neutral zone.
12:20 of 2nd period - Slapshot by Brendan Smith.
12:20 of 2nd period - Deflect By Dan Fritsche.
12:20 of 2nd period - Stopped by Jamie Storr without a rebound.
12:21 of 2nd period - Dan Fritsche wins face-off versus Ryan O'Reilly in Wolves zone.
12:44 of 2nd period - Wrist shot by Dan Fritsche.
12:44 of 2nd period - Shot Blocked by Ben Eager.
12:46 of 2nd period - Backhand shot by Geoff Paukovich.
12:46 of 2nd period - Stopped by Peter Mannino without a rebound.
12:47 of 2nd period - Brayden Schenn wins face-off versus Mike Sislo in Scraper zone.
12:55 of 2nd period - Off-side.
12:56 of 2nd period - Mike Zigomanis wins face-off versus Brayden Schenn in neutral zone.
13:04 of 2nd period - Minor Penalty to Evander Kane for High sticking.
13:05 of 2nd period - Mike Zigomanis wins face-off versus Rick Schofield in Scraper zone.
13:15 of 2nd period - Snap shot by Mike Zigomanis.
13:15 of 2nd period - Stopped by Peter Mannino with a rebound.
13:17 of 2nd period - Snap shot by Mike Sislo.
13:17 of 2nd period - Stopped by Peter Mannino with a rebound.
13:19 of 2nd period - Slapshot by Mike Sislo.
13:19 of 2nd period - Stopped by Peter Mannino without a rebound.
13:20 of 2nd period - Mike Zigomanis wins face-off versus Rick Schofield in Scraper zone.
13:27 of 2nd period - Slapshot by Mike Zigomanis.
13:27 of 2nd period - Stopped by Peter Mannino with a rebound.
13:29 of 2nd period - Slapshot by Dmitry Kulikov.
13:29 of 2nd period - Shot Blocked by Derek Joslin.
13:31 of 2nd period - Wrist shot by Bruno Gervais.
13:31 of 2nd period - Shot Blocked by Rick Schofield.
13:33 of 2nd period - Snap shot by Mike Sislo.
13:33 of 2nd period - Shot Blocked by Rick Schofield.
13:45 of 2nd period - Milan Bartovic is hit by Derek Joslin and loses puck.
13:53 of 2nd period - Off-side.
13:54 of 2nd period - Mike Zigomanis wins face-off versus Roman Horak in neutral zone.
14:24 of 2nd period - Snap shot by Dan Fritsche.
14:24 of 2nd period - Shot Misses the Net.
14:26 of 2nd period - Snap shot by Geoff Paukovich.
14:26 of 2nd period - Shot Misses the Net.
14:28 of 2nd period - Slapshot by Bruno Gervais.
14:28 of 2nd period - Deflect By Geoff Paukovich.
14:28 of 2nd period - Shot Blocked by Eric Gryba.
14:28 of 2nd period - Puck is out of play.
14:29 of 2nd period - Rick Schofield wins face-off versus Mike Zigomanis in Scraper zone.
15:04 of 2nd period - Penalty to Evander Kane is over, Evander Kane is back on ice.
15:39 of 2nd period - Roman Horak is hit by Marc Methot and loses puck.
15:52 of 2nd period - Snap shot by Ilkka Heikkinen.
15:52 of 2nd period - Deflect By Valeri Bure.
15:52 of 2nd period - Stopped by Jamie Storr with a rebound.
15:56 of 2nd period - Slapshot by Valeri Bure.
15:56 of 2nd period - Shot Misses the Net.
15:58 of 2nd period - Slapshot by Evander Kane.
15:58 of 2nd period - Stopped by Jamie Storr with a rebound.
16:02 of 2nd period - Slapshot by Evander Kane.
16:02 of 2nd period - Stopped by Jamie Storr with a rebound.
16:04 of 2nd period - Wrist shot by Evander Kane.
16:04 of 2nd period - Shot Blocked by Marc Methot.
16:06 of 2nd period - Slapshot by Jared Cowen.
16:06 of 2nd period - Goal by Jared Cowen - Scraper : 3 - Wolves : 2.
16:07 of 2nd period - Chris Neil wins face-off versus Ryan O'Reilly in neutral zone.
16:09 of 2nd period - Minor Penalty to Mike Zigomanis for Tripping.
16:10 of 2nd period - Nathan Davis wins face-off versus Brayden Schenn in Wolves zone.
16:20 of 2nd period - Snap shot by Brendan Smith.
16:20 of 2nd period - Shot Misses the Net.
16:22 of 2nd period - Wrist shot by Derek Joslin.
16:22 of 2nd period - Stopped by Jamie Storr with a rebound.
16:34 of 2nd period - Jonas Junland is hit by Reilly Smith.
18:09 of 2nd period - Penalty to Mike Zigomanis is over, Mike Zigomanis is back on ice.
18:15 of 2nd period - Chris Neil is hit by Ben Eager and loses puck.
19:36 of 2nd period - Brayden Schenn is hit by Marc Methot and loses puck.
Goals for this period are 2 for Scraper vs 1 for Wolves.
Shots for this period are 13 for Scraper vs 9 for Wolves.
3rd period
0:01 of 3rd period - Brayden Schenn wins face-off versus Mike Zigomanis in neutral zone.
0:12 of 3rd period - Wrist shot by Evander Kane.
0:12 of 3rd period - Shot Misses the Net.
0:14 of 3rd period - Slapshot by Brayden Schenn.
0:14 of 3rd period - Stopped by Jamie Storr without a rebound.
0:15 of 3rd period - Dan Fritsche wins face-off versus Roman Horak in Wolves zone.
0:51 of 3rd period - Snap shot by Nathan Davis.
0:51 of 3rd period - Stopped by Peter Mannino without a rebound.
0:52 of 3rd period - Brayden Schenn wins face-off versus Mike Zigomanis in Scraper zone.
0:58 of 3rd period - Minor Penalty to Mike Sislo for High sticking.
0:59 of 3rd period - Nathan Davis wins face-off versus Brayden Schenn in Wolves zone.
2:03 of 3rd period - Valeri Bure is hit by Nathan Davis and loses puck.
2:38 of 3rd period - Derek Joslin is hit by Chris Neil and loses puck.
2:43 of 3rd period - Slapshot by Chris Neil.
2:43 of 3rd period - Stopped by Peter Mannino with a rebound.
2:58 of 3rd period - Penalty to Mike Sislo is over, Mike Sislo is back on ice.
3:37 of 3rd period - Bruno Gervais is hit by Eric Godard and loses puck.
5:26 of 3rd period - Ben Eager is hit by Johan Ryno and loses puck.
5:41 of 3rd period - Ryan O'Reilly is hit by Mike Sislo and loses puck.
5:54 of 3rd period - Backhand shot by Dan Fritsche.
5:54 of 3rd period - Shot Misses the Net.
6:28 of 3rd period - Maksim Mayorov is hit by Valeri Bure.
7:06 of 3rd period - Icing by Eric Godard.
7:07 of 3rd period - Nathan Davis wins face-off versus Ryan O'Reilly in Scraper zone.
7:14 of 3rd period - Slapshot by Willie Mitchell.
7:14 of 3rd period - Deflect By Tim Crowder.
7:14 of 3rd period - Shot Misses the Net.
7:14 of 3rd period - Puck is out of play.
7:15 of 3rd period - Brayden Schenn wins face-off versus Mike Zigomanis in Scraper zone.
7:15 of 3rd period - Brayden Schenn is hit by Chris Neil.
7:46 of 3rd period - Snap shot by Valeri Bure.
7:46 of 3rd period - Shot Misses the Net.
7:48 of 3rd period - Slapshot by Roman Horak.
7:48 of 3rd period - Stopped by Jamie Storr without a rebound.
7:49 of 3rd period - Dan Fritsche wins face-off versus Ryan O'Reilly in Wolves zone.
7:58 of 3rd period - Wrist shot by Milan Bartovic.
7:58 of 3rd period - Shot Misses the Net.
8:42 of 3rd period - Snap shot by Valeri Bure.
8:42 of 3rd period - Shot Misses the Net.
8:44 of 3rd period - Slapshot by Valeri Bure.
8:44 of 3rd period - Shot Misses the Net.
8:46 of 3rd period - Wrist shot by Valeri Bure.
8:46 of 3rd period - Stopped by Jamie Storr without a rebound.
8:47 of 3rd period - Ryan O'Reilly wins face-off versus Dan Fritsche in Wolves zone.
9:37 of 3rd period - Minor Penalty to Joe Finley for Hooking.
9:38 of 3rd period - Mike Zigomanis wins face-off versus Rick Schofield in Scraper zone.
9:40 of 3rd period - Snap shot by Chris Neil.
9:40 of 3rd period - Shot Misses the Net.
10:14 of 3rd period - Geoff Paukovich is hit by Ilkka Heikkinen and loses puck.
10:23 of 3rd period - Snap shot by Valeri Bure.
10:23 of 3rd period - Shot Misses the Net.
11:08 of 3rd period - Eric Gryba is hit by Johan Ryno and loses puck.
11:31 of 3rd period - Carl Klingberg is hit by Ilkka Heikkinen and loses puck.
11:35 of 3rd period - Icing by Willie Mitchell.
11:36 of 3rd period - Mike Zigomanis wins face-off versus Brayden Schenn in Wolves zone.
11:37 of 3rd period - Penalty to Joe Finley is over, Joe Finley is back on ice.
11:53 of 3rd period - Wrist shot by Marcus Foligno.
11:53 of 3rd period - Stopped by Jamie Storr without a rebound.
11:54 of 3rd period - Dan Fritsche wins face-off versus Roman Horak in Wolves zone.
12:03 of 3rd period - Marc Methot is hit by Marcus Foligno and loses puck.
12:18 of 3rd period - Snap shot by Brendan Smith.
12:18 of 3rd period - Deflect By Marcus Foligno.
12:18 of 3rd period - Shot Misses the Net.
12:18 of 3rd period - Puck is out of play.
12:19 of 3rd period - Brayden Schenn wins face-off versus Mike Zigomanis in Wolves zone.
12:20 of 3rd period - Backhand shot by Denis Shvidki.
12:20 of 3rd period - Stopped by Jamie Storr with a rebound.
12:22 of 3rd period - Snap shot by Brayden Schenn.
12:22 of 3rd period - Stopped by Jamie Storr with a rebound.
12:29 of 3rd period - Snap shot by Denis Shvidki.
12:29 of 3rd period - Deflect By Evander Kane.
12:29 of 3rd period - Shot Misses the Net.
12:29 of 3rd period - Puck is out of play.
12:30 of 3rd period - Mike Zigomanis wins face-off versus Denis Shvidki in Wolves zone.
13:28 of 3rd period - Mike Sislo is hit by Eric Gryba and loses puck.
13:55 of 3rd period - Eric Godard is hit by Geoff Paukovich and loses puck.
14:46 of 3rd period - Snap shot by Nathan Davis.
14:46 of 3rd period - Shot Blocked by Ilkka Heikkinen.
15:11 of 3rd period - Milan Bartovic is hit by Brayden Schenn and loses puck.
16:20 of 3rd period - Slapshot by Ilkka Heikkinen.
16:20 of 3rd period - Stopped by Jamie Storr with a rebound.
16:22 of 3rd period - Snap shot by Marcus Foligno.
16:22 of 3rd period - Stopped by Jamie Storr with a rebound.
16:57 of 3rd period - Derek Joslin is hit by Johan Ryno and loses puck.
18:22 of 3rd period - Icing by Ryan O'Reilly.
18:23 of 3rd period - Eric Godard wins face-off versus Nathan Davis in Scraper zone.
19:03 of 3rd period - Wolves, Jamie Storr is pulled from the net.
19:03 of 3rd period - Slapshot by Willie Mitchell.
19:03 of 3rd period - Stopped by Peter Mannino with a rebound.
19:05 of 3rd period - Slapshot by Willie Mitchell.
19:05 of 3rd period - Stopped by Peter Mannino with a rebound.
19:07 of 3rd period - Wrist shot by Chris Neil.
19:07 of 3rd period - Deflect By Mike Sislo.
19:07 of 3rd period - Stopped by Peter Mannino without a rebound.
19:08 of 3rd period - Peter DeBoer call a timeout for Wolves.
19:08 of 3rd period - Mike Zigomanis wins face-off versus Rick Schofield in Scraper zone.
19:11 of 3rd period - Wrist shot by Mike Zigomanis.
19:11 of 3rd period - Stopped by Peter Mannino with a rebound.
19:13 of 3rd period - Wrist shot by Mike Sislo.
19:13 of 3rd period - Shot Misses the Net.
19:15 of 3rd period - Wrist shot by Mike Sislo.
19:15 of 3rd period - Stopped by Peter Mannino with a rebound.
19:27 of 3rd period - Snap shot by Denis Shvidki.
19:27 of 3rd period - Goal by Denis Shvidki - Scraper : 4 - Wolves : 2.
19:27 of 3rd period - Jamie Storr from Wolves was sent back in the game.
19:28 of 3rd period - Roman Horak wins face-off versus Nathan Davis in neutral zone.
19:31 of 3rd period - Dmitry Kulikov is hit by Brendan Smith and loses puck.
Goals for this period are 1 for Scraper vs 0 for Wolves.
Shots for this period are 9 for Scraper vs 7 for Wolves.
Output by the SimonT Hockey Simulator (STHS) for François Prévost -- Original Page W3C XHTML 1.0 Valid